 Dungeon Crawl Stone Soup version 0.27.1-4-g1640c2035a (webtiles) character file.

Game seed: 14625111522212483498

700 Weaver the Chucker (level 7, -3/67 HPs)
             Began as a Troll Hunter on Nov 8, 2021.
             Was a Follower of Okawaru.
             Slain by an orc (10 damage)
             ... on level 5 of the Dungeon.
             The game lasted 00:15:48 (3287 turns).

Weaver the Chucker (Troll Hunter)                   Turns: 3287, Time: 00:15:49

Health: -3/67      AC:  4    Str: 21    XL:     7   Next: 38%
Magic:  4/6        EV: 12    Int:  7    God:    Okawaru [*.....]
Gold:   200        SH:  0    Dex: 12    Spells: 6/6 levels left

rFire    . . .     SeeInvis .     - Unarmed
rCold    . . .     Faith    .   (no shield)
rNeg     . . .     Spirit   .   b - +0 robe
rPois    .         Reflect  .   (helmet restricted)
rElec    .         Harm     .   (no cloak)
rCorr    .         Rampage  .   (gloves unavailable)
Will     .....                  (boots unavailable)
Stlth    +++.......             (no amulet)
HPRegen  1.21/turn              (no ring)
MPRegen  0.10/turn              (no ring)

@: heroic
A: large, unfitting armour, claws 3, regeneration 1, shaggy fur 1, tough skin 1
a: Renounce Religion, Heroism


You were on level 5 of the Dungeon.
You worshipped Okawaru.
Okawaru was aware of your devotion.
You visited 2 branches of the dungeon, and saw 7 of its levels.

You collected 200 gold pieces.

Inventory:

Missiles
 c - a large rock (quivered)
 d - 2 throwing nets
 l - 3 atropa-tipped darts
Armour
 b - a +0 robe (worn)
Jewellery
 a - a ring of flight
 h - a ring of willpower
 o - a +4 ring of evasion
Wands
 q - a wand of paralysis (10)
Scrolls
 e - 5 scrolls of identify {unknown}
 f - a scroll of enchant weapon {unknown}
 j - a scroll of vulnerability {unknown}
 m - a scroll of holy word {unknown}
 n - a scroll of amnesia {unknown}
 p - 3 scrolls of teleportation {unknown}
 r - a scroll of fog {unknown}
 u - a scroll of blinking {unknown}
 w - a scroll of enchant armour {unknown}
 x - a scroll of silence {unknown}
Potions
 g - a potion of mutation {unknown}
 i - a potion of heal wounds {unknown}
 k - 3 potions of curing {unknown}
 s - a potion of degeneration {unknown}
 t - 2 potions of brilliance {unknown}
 v - 2 potions of haste


   Skills:
 + Level 3.3(8.3) Fighting
 + Level 4.9(9.9) Throwing
 + Level 3.3(8.3) Dodging
 - Level 0.3(5.3) Stealth
 * Level 4.9(9.9) Unarmed Combat


You had 6 spell levels left.
You didn't know any spells.
Your spell library contained the following spells:

 Spells                   Type           Power      Damage    Failure   Level
 Magic Dart               Conj           0%         1d3       43%         1
 Call Imp                 Summ           0%         N/A       56%         2
 Mephitic Cloud           Conj/Pois/Air  0%         N/A       80%         3


Dungeon Overview and Level Annotations

Branches:
Dungeon (6/15)             Temple (1/1) D:4

Altars:
Ashenzari
Cheibriados
Dithmenos
Elyvilon
Fedhas
Hepliaklqana
Kikubaaqudgha
Nemelex Xobeh
Okawaru
Qazlal
Ru
Trog
Uskayaw
Vehumet
Wu Jian
Xom
Yredelemnul
Zin


Innate Abilities, Weirdness & Mutations

You are too large for most types of armour.
You have claws for hands.
Your natural rate of healing is unusually fast.
You are covered in fur. (AC +1)
You have tough skin. (AC +1)


Message History

The orc wizard gestures at you while chanting.
The magic dart hits you!
You barely miss the orc.
The orc hits you with a +0 flail of holy wrath.
The orc hits you with a +0 war axe.
You gain the combat prowess of a mighty hero.
The orc throws a boomerang.
The boomerang hits you. The orc hits you with a +0 war axe.
Throw: 3 large rocks
Press: ? - help, Q - select action, (/) - cycle Shift-Dir - straight line, f - orc wizard
Aim: an orc wizard, wielding a +0 dagger and wearing a +0 robe (60% to hit)
You throw a large rock.
The large rock barely misses the orc wizard.
The orc wizard casts a spell at you. The magic dart hits you.
* * * LOW HITPOINT WARNING * * *
The orc barely misses you.
The orc throws a boomerang.
The boomerang barely misses you. The orc hits you but does no damage.
Throw: 2 large rocks
Press: ? - help, Q - select action, (/) - cycle Shift-Dir - straight line, f/p - orc wizard
Aim: an orc wizard, wielding a +0 dagger and wearing a +0 robe (60% to hit)
You throw a large rock.
The large rock closely misses the orc wizard.
The orc barely misses you. The orc misses you.
The orc wizard points at you and mumbles some strange words.
The magic dart hits you.
* * * LOW HITPOINT WARNING * * *
The orc hits you but does no damage. The orc hits you with a +0 war axe!
* * * LOW HITPOINT WARNING * * *
You claw the orc wizard!
The orc wizard is almost dead.
The orc wizard hits you with a +0 dagger.
* * * LOW HITPOINT WARNING * * *
The orc barely misses you.
Unknown command.
You claw the orc wizard!
You kill the orc wizard!
Okawaru accepts your kill. The orc hits you with a +0 war axe!
You die...

##############
#.............
#....o........
#.....@).....(
#.....o.......
#####...o.....
#.........
#.........
#.........
#.........
#.........


You could see 3 orcs.

Vanquished Creatures
  An ogre (D:6)
  A centaur (D:5)
  2 scorpions
  2 jellies (D:4)
  2 hounds
  An iguana (D:6)
  Natasha (thrice) (D:2)
  An orc wizard (D:5)
  8 gnolls
  8 adders
  A shadow imp (D:5)
  3 dart slugs
  An orc (D:5)
  An endoplasm (D:1)
  2 giant cockroaches
  4 goblins
  4 hobgoblins
  6 kobolds
  2 quokkas
  6 ball pythons
  7 bats
  3 frilled lizards
  2 rats
71 creatures vanquished.

Vanquished Creatures (others)
  3 fungi (D:2)
  3 plants (D:2)
6 creatures vanquished.

Grand Total: 77 creatures vanquished

Notes
Turn   | Place    | Note
-------+----------+-------------------------------------------
     0 | D:1      | Weaver the Troll Hunter began the quest for the Orb.
     0 | D:1      | Reached XP level 1. HP: 19/19 MP: 0/0
    91 | D:1      | Reached XP level 2. HP: 28/28 MP: 1/1
   129 | D:1      | Reached skill level 1 in Unarmed Combat
   452 | D:1      | You fall into a shaft and drop 1 floor!
   563 | D:2      | Reached XP level 3. HP: 35/35 MP: 2/2
   683 | D:2      | Reached XP level 4. HP: 42/42 MP: 3/3
   836 | D:2      | Noticed Natasha
   842 | D:2      | Killed Natasha
   887 | D:2      | Found a faded altar of an unknown god.
   971 | D:2      | Noticed Natasha
   973 | D:2      | Killed Natasha
  1215 | D:2      | Noticed Natasha
  1228 | D:2      | Killed Natasha
  1229 | D:2      | Reached XP level 5. HP: 22/50 MP: 4/4
  2002 | D:4      | Found a staircase to the Ecumenical Temple.
  2014 | Temple   | Entered the Ecumenical Temple
  2106 | Temple   | Became a worshipper of Warmaster Okawaru
  2224 | D:4      | Reached XP level 6. HP: 56/59 MP: 5/5
  2306 | D:4      | Found an ornate altar of the Wu Jian Council.
  2390 | D:4      | Found an ancient bone altar of Kikubaaqudgha.
  2791 | D:5      | Entered Level 5 of the Dungeon
  2917 | D:5      | Reached * piety under Okawaru
  2918 | D:5      | Reached XP level 7. HP: 67/67 MP: 6/6
  3287 | D:5      | Slain by an orc

Illustrated notes

Levels and vault maps discovered:
D:1:      dpeg_arrival_round_c, layout_loops_ring, st_stairs_8,
          chequers_serial_rivers_micro_a
D:2:      layout_loops_corners, shapermc_ecumenical_altar_mp_urbaneastern,
          uniq_natasha
D:3:      layout_basic, serial_bayou_pond_e
D:4:      layout_loops_ring, nicolae_kikubaaqudgha_miasma_corner,
          nicolae_wu_jian_wuxing_cycle, minmay_temple_entry_poolview,
          feat_on_display
D:5:      layout_gridville
D:6:      layout_gridville, led_sif_book, uniq_grinder
Temple:   compressed_dpeg_circular_temple

Skill      XL: |  1  2  3  4  5  6 |
---------------+-------------------+-----
Unarmed Combat | 1 2 3 4 |  4.9
Fighting       | 2 3 |  3.3
Dodging        | 2 3 |  3.3
Throwing       | 4 |  4.9
Stealth        | |  0.3

Action                   |  1- 3 |  4- 6 |  7- 9 || total
-------------------------+-------+-------+-------++-------
Melee: Unarmed           |    50 |   107 |    26 ||   183
       Punch             |       |     2 |       ||     2
Throw: Large rock        |     7 |     6 |     4 ||    17
Invok: Heroism           |       |       |     1 ||     1
 Stab: Sleeping          |     1 |     1 |     1 ||     3
Armor: Robe              |    14 |    18 |     8 ||    40
Dodge: Dodged            |    27 |    50 |    26 ||   103
